 Dungeon Crawl Stone Soup version 0.29.1-15-g9cfb28693d (webtiles) character file.

Game seed: 6746850739850243655

379 Artool the Trooper (level 6, -3/49 HPs)
             Began as a Demonspawn Fighter on Apr 6, 2023.
             Slain by an ogre
             ... wielding a +0 giant club
              (14 damage)
             ... on level 4 of the Dungeon.
             The game lasted 00:06:55 (4427 turns).

Artool the Trooper (Demonspawn Fighter)             Turns: 4427, Time: 00:06:55

Health: -3/49      AC: 13    Str: 18    XL:     6   Next: 45%
Magic:  6/6        EV:  9    Int: 10    God:
Gold:   159        SH:  4    Dex: 12    Spells: 5/5 levels left

rFire   . . .      SeeInvis .   w - +0 whip
rCold   . . .      Faith    .   c - +0 buckler
rNeg    . . .      Spirit   .   b - +0 scale mail
rPois   .          Reflect  .   (no helmet)
rElec   .          Harm     .   (no cloak)
rCorr   .          Rampage  .   (no gloves)
Will    .....                   (no boots)
Stlth   ..........              (no amulet)
HPRegen 0.16/turn               (no ring)
MPRegen 0.10/turn               (no ring)

@: sanguine armoured
A: powered by death 2, sanguine armour 1
a: no special abilities


You were on level 4 of the Dungeon.
You visited 1 branch of the dungeon, and saw 4 of its levels.

You collected 159 gold pieces.

Inventory:

Hand Weapons
 a - a +0 flail
 w - a +0 whip (weapon)
Armour
 b - a +0 scale mail (worn)
 c - a +0 buckler (worn)
Jewellery
 p - a ring of magical power
Wands
 q - a wand of iceblast (5)
 s - a wand of charming (6)
Scrolls
 e - 4 scrolls of poison {unknown}
 f - 3 scrolls of amnesia {unknown}
 i - a scroll of acquirement {unknown}
 j - 2 scrolls of identify {unknown}
 l - 2 scrolls of fog {unknown}
 n - a scroll of noise {unknown}
 o - a scroll of blinking {unknown}
 r - a scroll of teleportation {unknown}
 v - a scroll of vulnerability {unknown}
Potions
 d - a potion of might
 g - 2 potions of flight {unknown}
 h - 3 potions of curing {unknown}
 k - 2 potions of attraction {unknown}
 m - 3 potions of mutation {unknown}
 t - a potion of heal wounds {unknown}
 u - a potion of resistance {unknown}
 x - 2 potions of cancellation {unknown}


   Skills:
 + Level 4.7 Fighting
 + Level 3.8 Maces & Flails
 + Level 4.4 Armour
 - Level 3.0 Shields


You had 5 spell levels left.
You didn't know any spells.
Your spell library was empty.

Dungeon Overview and Level Annotations

Branches:
Dungeon (4/15)
 Temple: D:4-7

Altars:
Cheibriados
Vehumet

Shops:
D:2 [


Innate Abilities, Weirdness & Mutations

You regenerate health from kills.
When seriously injured, your blood forms armour. (AC +6)


Message History

Your body is wracked with pain!
Your blood congeals into armour.
The ogre convulses!
You hit Menkaure.
Menkaure is almost destroyed.
You completely miss Menkaure.
Menkaure is almost destroyed.
Menkaure calls on the powers of darkness!
The ogre convulses!
Your body is wracked with pain!
* * * LOW HITPOINT WARNING * * *
Menkaure completely misses you. The ogre attacks as you move away!
The ogre hits you with a +0 giant club.
* * * LOW HITPOINT WARNING * * *
There is a stone staircase leading up here.
You feel a little less mighty now.
You climb upwards.
There is a stone staircase leading down here.
You barely miss Menkaure.
Menkaure is almost destroyed.
Menkaure gestures at you while chanting.
Pain shoots through your body!
* * * LOW HITPOINT WARNING * * *
You hit Menkaure.
You destroy Menkaure!
You have reached level 6!
You start resting.
Your blood armour dries and flakes away.
You start resting.
HP restored.
You climb downwards.
The ogre hits you with a +0 giant club!
There is a stone staircase leading up, spattered with blood here.
You hit the ogre but do no damage.
The ogre hits you with a +0 giant club!!
* * * LOW HITPOINT WARNING * * *
Your blood congeals into armour.
You hit the ogre.
The ogre is lightly wounded.
You hit the ogre.
The ogre is moderately wounded.
The ogre hits you with a +0 giant club!
You die...

......
##......#...#...
...#..
##<.............
..##..
##............... ..
##.##.....#.....####.
##...#.....#..##.###..
#..........#.....##...
..#.......#..........
#............###...
#.@.......#### #.##
#O........# #.##
#.#..<...... ...#
##........### #....
........## #..##
...#......# ....
.####.....# ......


You could see an ogre.

Vanquished Creatures
  Menkaure (D:3)
  A black bear (D:4)
  Ijyb (D:3)
  An iguana (D:4)
  6 adders
  3 worms
  3 dart slugs
  An orc (D:4)
  4 ball pythons
  2 bats
  7 endoplasms
  3 giant cockroaches (D:2)
  9 goblins
  2 hobgoblins
  3 jackals (D:3)
  6 kobolds
  2 quokkas (D:1)
  3 frilled lizards
  A rat (D:1)
59 creatures vanquished.

Notes
Turn   | Place    | Note
-------+----------+-------------------------------------------
     0 | D:1      | Artool the Demonspawn Fighter began the quest for the Orb.
     0 | D:1      | Reached XP level 1. HP: 18/18 MP: 1/1
   184 | D:1      | Found a faded altar of an unknown god.
   426 | D:1      | Gained mutation: You regenerate a little health from kills.
                  | [demonic ancestry]
   426 | D:1      | Reached XP level 2. HP: 11/24 MP: 2/2
  1092 | D:2      | Gained mutation: When seriously injured, your blood forms
                  | armour. (AC +6) [demonic ancestry]
  1092 | D:2      | Reached XP level 3. HP: 21/29 MP: 3/3
  1509 | D:2      | Found Toredwiw's Antique Armour Shoppe.
  2077 | D:3      | Found a snail-covered altar of Cheibriados.
  2420 | D:3      | Noticed Ijyb
  2446 | D:3      | Killed Ijyb
  2447 | D:3      | Gained mutation: You regenerate health from kills. [demonic
                  | ancestry]
  2447 | D:3      | Reached XP level 4. HP: 12/37 MP: 4/4
  2881 | D:3      | Found a radiant altar of Vehumet.
  3709 | D:4      | Reached XP level 5. HP: 42/42 MP: 5/5
  3960 | D:4      | Noticed Menkaure
  4033 | D:4      | Noticed a black bear
  4121 | D:4      | Killed a black bear
  4153 | D:4      | Noticed an ogre
  4165 | D:3      | HP: 2/43 [Menkaure/nerve-wracking pain (6)]
  4166 | D:3      | Killed Menkaure
  4167 | D:3      | Reached XP level 6. HP: 4/49 MP: 6/6
  4427 | D:4      | Slain by an ogre

Illustrated notes

Levels and vault maps discovered:
D:1:      onia_arrival_mini_spirals, layout_rooms,
          ebering_ecumenical_altar_ruins
D:2:      layout_loops_corners, serial_shops, shop, minmay_liquid_box,
          kennysheep_generic_room_15
D:3:      kennysheep_goblin_castle, layout_basic,
          nicolae_overflow_crystal_walls, slow_altar_1, grunt_decor_one_mirror
D:4:      layout_cave_pools, gammafunk_temple_overflow_statue,
          minmay_temple_entry_large_hall, uniq_menkaure

Skill      XL: |  1  2  3  4  5 |
---------------+----------------+-----
Maces & Flails | 2 3 |  3.8
Armour         | 3 4 |  4.4
Shields        | 3 |  3.0
Fighting       | 4 |  4.7

Action                   |  1- 3 |  4- 6 || total
-------------------------+-------+-------++-------
Melee: Flail             |   137 |    40 ||   177
       Whip              |       |    75 ||    75
  Use: Potion            |       |     1 ||     1
Armor: Scale mail        |    74 |    50 ||   124
Dodge: Dodged            |    46 |    40 ||    86
Block: Buckler           |    28 |    26 ||    54
